 Dungeon Crawl Stone Soup version 0.21.1-1-g345015f (webtiles) character file.

354 suicidejoker the Sneak (level 6, -3/43 HPs)
             Began as an Octopode Monk on Apr 8, 2018.
             Slain by an ogre
             ... wielding a +0 giant spiked club
              (30 damage)
             ... on level 4 of the Dungeon.
             The game lasted 00:13:27 (5405 turns).

suicidejoker the Sneak (Octopode Monk)              Turns: 5405, Time: 00:13:27

Health: -3/43      AC:  1    Str: 12    XL:     6   Next: 63%
Magic:  6/6        EV: 17    Int: 13    God:
Gold:   229        SH:  0    Dex: 14    Spells: 5/5 levels left

rFire    . . .     SeeInvis .   a - +0 falchion
rCold    . . .     Gourm    .   (no shield)
rNeg     . . .     Faith    .   (helmet restricted)
rPois    .         Spirit   .   (no amulet)
rElec    .         Reflect  .   c - +2 ring of evasion
rCorr    .         Harm     .   (no ring)
MR       .....                  (no ring)
Stlth    ++++......             (no ring)
HPRegen  0.14/turn              (no ring)
MPRegen  0.10/turn              (no ring)
                                (no ring)
                                (no ring)

@: no status effects
A: almost no armour, stealthy swim, amphibious, 8 rings, constrict 8, camouflage
1, gelatinous body 1
a: no special abilities


You were on level 4 of the Dungeon.
You were not hungry.

You visited 1 branch of the dungeon, and saw 4 of its levels.

You collected 229 gold pieces.

Inventory:

Hand Weapons
 a - a +0 falchion (weapon)
 b - a +0 hunting sling
 l - a +1 antimagic dagger
Missiles
 i - 34 bolts
 j - 10 tomahawks (quivered)
 p - 93 stones
Jewellery
 c - a +2 ring of evasion (left tentacle)
 v - an uncursed amulet of harm {unknown}
Wands
 s - a wand of iceblast (6)
 u - a wand of digging (10)
 w - a wand of enslavement (11)
Scrolls
 e - 4 scrolls of teleportation
 h - 2 scrolls of fear {unknown}
 k - a scroll of blinking {unknown}
 o - a scroll of fog
 r - a scroll of random uselessness {unknown}
 t - a scroll of remove curse
Potions
 d - 2 potions of haste {unknown}
 g - 2 potions of heal wounds {unknown}
 m - 2 potions of brilliance {unknown}
 n - 2 potions of curing {unknown}
Books
 q - a book of Minor Magic

   Spells                             Type                      Level
   a - Magic Dart                     Conjuration                  1
   b - Blink                          Translocation                2
   c - Call Imp                       Summoning                    2
   d - Slow                           Hexes                        2
   e - Conjure Flame                  Conjuration/Fire             3
   f - Mephitic Cloud                 Conjuration/Poison/Air       3
Comestibles
 f - 6 rations


   Skills:
 + Level 3.9 Fighting
 + Level 4.9 Long Blades
 + Level 2.2 Slings
 + Level 3.6 Dodging
 + Level 5.1 Stealth


You had 5 spell levels left.
You didn't know any spells.

Dungeon Overview and Level Annotations

Branches:
Dungeon (4/15)
 Temple: D:4-7

Altars:


Innate Abilities, Weirdness & Mutations

You cannot wear most types of armour.
You are very stealthy in the water. (Stealth+)
You are amphibious.
You can wear up to eight rings at the same time.
You can use your tentacles to constrict eight enemies at once.
Your skin changes colour to match your surroundings (Stealth+).
Your rubbery body absorbs attacks. (AC +1, EV +1)


Message History

Press: ? - help, Shift-Dir - straight line, f - ogre
Aim: an ogre, wielding a giant spiked club You shoot a stone.
The stone barely misses the ogre.
No target in view!
Things that are here:
a stone; 2 tomahawks of returning Firing (i - inventory. (,) - cycle):
p - 95 stones (quivered)
Press: ? - help, Shift-Dir - straight line, f/p - ogre
Aim: an ogre, wielding a giant spiked club You shoot a stone.
The stone barely misses the ogre.
Firing (i - inventory. (,) - cycle):
p - 94 stones (quivered)
Press: ? - help, Shift-Dir - straight line, f/p - ogre
Aim: an ogre, wielding a giant spiked club You shoot a stone.
The stone closely misses the ogre.
a - a +0 falchion (weapon)
You hit the ogre.
The ogre is moderately wounded.
The ogre hits you with a giant spiked club!!
Ouch! That really hurt!
You die...

......###.......#
...#..#.........#
........#.......#
.#...#..#.......#
....###.........# #
.#..###.....##### ###.###
.#.......#.## ....((.
...........########..($.(.
..........##(...@O).#
.#....#....).########
......#.......#
..............##
.......#.......######
.#...........#......#
.#.#...#.....######.##
...#.........# #..#
..##..#......## ####


You could see an ogre.

Vanquished Creatures
  A scorpion (D:4)
  A centaur skeleton (D:4)
  A hound (D:4)
  4 orc wizards (D:4)
  4 adders
  An adder skeleton (D:4)
  A worm (D:2)
  3 dart slugs
  4 leopard geckos (D:1)
  8 orcs
  10 giant cockroaches
  7 goblins
  4 hobgoblins
  2 jackals (D:4)
  A quokka (D:4)
  12 bats
  6 frilled lizards
  7 kobolds
  A quokka skeleton (D:4)
  9 rats
87 creatures vanquished.

Notes
Turn   | Place    | Note
-------+----------+-------------------------------------------
     0 | D:1      | suicidejoker the Octopode Monk began the quest for the Orb.
     0 | D:1      | Reached XP level 1. HP: 16/16 MP: 1/1
  1892 | D:1      | Reached XP level 2. HP: 19/21 MP: 2/2
  1973 | D:1      | Reached skill level 3 in Stealth
  2157 | D:1      | Reached XP level 3. HP: 24/26 MP: 3/3
  3158 | D:2      | Reached XP level 4. HP: 31/31 MP: 4/4
  4177 | D:3      | Reached skill level 4 in Stealth
  4409 | D:4      | Reached skill level 1 in Slings
  4409 | D:4      | Reached XP level 5. HP: 29/37 MP: 5/5
  4758 | D:4      | Reached XP level 6. HP: 38/43 MP: 6/6
  5189 | D:4      | Reached skill level 5 in Stealth
  5405 | D:4      | Slain by an ogre

Skill      XL: |  1  2  3  4  5  6 |
---------------+-------------------+-----
Stealth        | 3 4 5 |  5.1
Long Blades    | 4 |  4.9
Slings         | 1 2 |  2.2
Fighting       | |  3.9
Dodging        | |  3.6

Action                   |  1- 3 |  4- 6 || total
-------------------------+-------+-------++-------
Melee: Falchion          |    62 |    83 ||   145
       Constrict         |    21 |    29 ||    50
       Tentacles         |     9 |    24 ||    33
 Fire: Hunting sling     |       |    35 ||    35
  Use: Scroll            |     5 |       ||     5
 Stab: Sleeping          |    12 |     6 ||    18
  Eat: Ration            |     1 |       ||     1
       Chunk             |     3 |     7 ||    10
Armor: Skin              |     6 |     3 ||     9
Dodge: Dodged            |    43 |    56 ||    99
       Rpst.: Falchion   |    17 |    22 ||    39
